 Dungeon Crawl Stone Soup version 0.26.1-2-gb8aa6d0cf2 (webtiles) character file.

Game seed: 16477747592744959619

268 Riddle the Poker (level 6, -19/51 HPs)
             Began as a Merfolk Chaos Knight on Mar 21, 2021.
             Was a Plaything of Xom.
             Demolished by an ogre
             ... wielding a +0 giant club
              (31 damage)
             ... on level 4 of the Dungeon.
             The game lasted 00:02:04 (3336 turns).

Riddle the Poker (Merfolk Chaos Knight)             Turns: 3336, Time: 00:02:05

Health: -19/51     AC:  5    Str: 13    XL:     6   Next: 21%
Magic:  6/6        EV: 14    Int: 11    God:    Xom [..*...]
Gold:   294        SH:  0    Dex: 15    Spells: 5/5 levels left

rFire    . . .     SeeInvis .   a - +0 spear (chaos)
rCold    . . .     Faith    .   (no shield)
rNeg     . . .     Spirit   .   b - +2 leather armour
rPois    .         Reflect  .   (no helmet)
rElec    .         Harm     .   (no cloak)
rCorr    .         Rampage  .   (no gloves)
Will     .....                  (no boots)
Stlth    +.........             (no amulet)
HPRegen  0.17/turn              (no ring)
MPRegen  0.10/turn              (no ring)

@: no status effects
A: change form in water, swift swim, stealthy swim
a: Renounce Religion


You were on level 4 of the Dungeon.
You worshipped Xom.
You were a toy of Xom.
You visited 1 branch of the dungeon, and saw 4 of its levels.

You collected 294 gold pieces.

Inventory:

Hand Weapons
 a - a +0 spear of chaos (weapon)
Armour
 b - a +2 leather armour (worn)
Scrolls
 c - 3 scrolls of magic mapping {unknown}
 e - a scroll of fog {unknown}
 h - 8 scrolls of identify {unknown}
 k - 2 scrolls of remove curse {unknown}
 l - a scroll of random uselessness {unknown}
 n - 4 scrolls of teleportation {unknown}
 o - a scroll of noise {unknown}
Potions
 d - a potion of lignification
 f - 2 potions of heal wounds {unknown}
 g - 2 potions of curing {unknown}
 i - 3 potions of flight {unknown}
 j - 2 potions of mutation {unknown}
 m - a potion of brilliance {unknown}


   Skills:
 + Level 5.0 Fighting
 + Level 6.6 Polearms
 - Level 0.6 Armour
 + Level 5.2 Dodging


You had 5 spell levels left.
You didn't know any spells.
Your spell library was empty.

Dungeon Overview and Level Annotations

Branches:
Dungeon (4/15)
 Temple: D:4-7

Altars:
Fedhas
Wu Jian


Message History

You are too injured to fight recklessly!
An ogre is nearby!
You are too injured to fight recklessly!
You are too injured to fight recklessly!
You are too injured to fight recklessly!
An ogre is nearby!
You are too injured to fight recklessly!
You are too injured to fight recklessly!
You are too injured to fight recklessly!
An ogre is nearby!
You are too injured to fight recklessly!
You are too injured to fight recklessly!
You are too injured to fight recklessly!
An ogre is nearby!
You barely miss the ogre.
The ogre is severely wounded.
The ogre hits you with a +0 giant club!!
Ouch! That really hurt!
You die...
Xom roars with laughter!

...#####..####....##
#. #..#
##.##.......##..
#..# #..............
#..# #.###..........
#..## ##.#
##.....#... #...#
#....##....##
....###..........##
..................##
##.###......#...@..#
.# #........##O...#
#.###.......#
#.....#
#...........#
#...### ..........##
#...# ..........
..... .........
###..# .†....... #
#.. .........## .#


You could see an ogre (berserk, drained).

Vanquished Creatures
  A scorpion (D:4)
  A howler monkey (D:4)
  A worker ant (D:4)
  A howler monkey skeleton (D:4)
  A gnoll (D:2)
  5 adders
  2 oozes
  2 worms (D:2)
  4 dart slugs
  5 leopard geckos
  An orc (D:3)
  A giant cockroach (D:3)
  8 goblins
  3 hobgoblins
  2 quokkas (D:2)
  A ball python (D:1)
  3 bats
  4 frilled lizards
  A jackal skeleton (D:3)
  10 kobolds
  12 rats
69 creatures vanquished.

Vanquished Creatures (others)
  3 toadstools (D:1)
3 creatures vanquished.

Grand Total: 72 creatures vanquished

Notes
Turn   | Place    | Note
-------+----------+-------------------------------------------
     0 | D:1      | Riddle the Merfolk Chaos Knight began the quest for the
                  | Orb.
     0 | D:1      | Reached XP level 1. HP: 18/18 MP: 1/1
   135 | D:1      | Reached XP level 2. HP: 24/24 MP: 2/2
   199 | D:1      | XOM: divination: magic mapping
   210 | D:1      | XOM: silly message
   601 | D:1      | XOM: divination: detect items
   995 | D:2      | XOM: noise
  1003 | D:2      | Reached skill level 5 in Polearms
  1003 | D:2      | Reached XP level 3. HP: 19/30 MP: 3/3
  1418 | D:2      | Reached XP level 4. HP: 35/37 MP: 4/4
  1668 | D:2      | Found a blossoming altar of Fedhas.
  1949 | D:3      | XOM: noise
  1976 | D:3      | XOM: 3-stop teleportation journey
  2035 | D:3      | XOM: 3-stop teleportation journey
  2211 | D:3      | Reached XP level 5. HP: 43/43 MP: 5/5
  2393 | D:3      | Found an ornate altar of the Wu Jian Council.
  2650 | D:4      | Reached skill level 6 in Polearms
  2828 | D:4      | Reached skill level 5 in Dodging
  3165 | D:4      | Reached skill level 5 in Fighting
  3165 | D:4      | Reached XP level 6. HP: 48/51 MP: 6/6
  3199 | D:4      | XOM: 8-stop teleportation journey
  3336 | D:4      | Demolished by an ogre

Illustrated notes

Levels and vault maps discovered:
D:1:      minmay_arrival_nine_rooms, layout_loops_corners,
          minmay_gold_behind_fungi, minmay_heptomino_h4
D:2:      wad_crossroads, layout_rooms, lemuel_coloured_pillars_altar
D:3:      layout_rooms, pdpol_wu_jian_five_deadly_venoms,
          palyth_stone_intersect, grunt_ministairs_6,
          chequers_serial_rivers_large_b
D:4:      layout_layer_cave, temple_statues, serial_shops, shop,
          minmay_goblin_outpost

Skill      XL: |  1  2  3  4  5 |
---------------+----------------+-----
Dodging        | 3 4 5 |  5.2
Polearms       | 5 6 |  6.6
Fighting       | 4 5 |  5.0
Armour         | |  0.6

Action                   |  1- 3 |  4- 6 || total
-------------------------+-------+-------++-------
Melee: Spear             |    77 |   193 ||   270
  Use: Potion            |       |     1 ||     1
 Stab: Sleeping          |     3 |     3 ||     6
       Confused          |       |     1 ||     1
       Distracted        |       |     1 ||     1
Armor: Leather armour    |     8 |    16 ||    24
Dodge: Dodged            |    32 |    56 ||    88
